 Dungeon Crawl Stone Soup version 0.26.1-11-gd32895ea62 (webtiles) character file.

Game seed: 17290566434397079584

221 buriedalive the Chiller (level 5, -10/28 HPs)
             Began as a Deep Elf Ice Elementalist on May 21, 2021.
             Mangled by Menkaure (23 damage)
             ... on level 4 of the Dungeon.
             The game lasted 00:07:41 (4188 turns).

buriedalive the Chiller (Deep Elf Ice Elementalist) Turns: 4188, Time: 00:07:42

Health: -10/28     AC:  3    Str:  5    XL:     5   Next: 65%
Magic:  8/11       EV: 14    Int: 21    God:
Gold:   209        SH:  0    Dex: 15    Spells: 3/10 levels left

rFire    + . .     SeeInvis .   d - +3 short sword
rCold    . . .     Faith    .   (no shield)
rNeg     . . .     Spirit   .   j - +0 leather armour
rPois    .         Reflect  .   (no helmet)
rElec    .         Harm     .   (no cloak)
rCorr    .         Rampage  .   (no gloves)
Will     .....                  (no boots)
Stlth    ++........             (no amulet)
HPRegen  0.09/turn              f - ring of protection from fire
MPRegen  0.12/turn              (no ring)

@: no status effects
A: no striking features
a: no special abilities


You were on level 4 of the Dungeon.
You visited 1 branch of the dungeon, and saw 4 of its levels.

You collected 209 gold pieces.

Inventory:

Hand Weapons
 d - a +3 short sword (weapon)
 i - a -1 dagger
Missiles
 m - 42 stones
Armour
 a - a +0 robe
 j - a +0 leather armour (worn)
Jewellery
 f - a ring of protection from fire (left hand)
 g - an uncursed ring of positive energy {unknown}
Scrolls
 b - 3 scrolls of identify
 e - 3 scrolls of remove curse
 k - 2 scrolls of enchant armour {unknown}
 l - 4 scrolls of fog
 r - a scroll of teleportation
 s - a scroll of random uselessness {unknown}
 t - a scroll of blinking {unknown}
 u - a scroll of enchant weapon {unknown}
Potions
 c - 3 potions of curing
 h - 2 potions of attraction
 n - a potion of resistance
 q - a potion of haste
 v - a potion of lignification {unknown}


   Skills:
 + Level 5.3 Dodging
 - Level 2.4 Stealth
 - Level 3.0 Spellcasting
 + Level 6.2 Ice Magic


You had 3 spell levels left.
You knew the following spells:

 Your Spells              Type           Power        Failure   Level
a - Freeze                Ice            100%         1%          1
b - Frozen Ramparts       Ice            58%          4%          3
c - Ozocubu's Armour      Ice            29%          4%          3

Your spell library contained the following spells:

 Spells                   Type           Power        Failure   Level
 Hailstorm                Conj/Ice       16%          52%         4
 Summon Ice Beast         Ice/Summ       16%          52%         4


Dungeon Overview and Level Annotations

Branches:
Dungeon (4/15)
 Temple: D:4-7

Altars:
Dithmenos
Nemelex Xobeh

Annotations:
D:4 Edmund, Menkaure


Message History

Menkaure completely misses you.
Casting: Freeze (safe; 1% risk of failure)
Confirm with . or Enter, or press ? or * to list all spells.
Aiming: Freeze (safe; 1% risk of failure)
Press: ? - help, Shift-Dir - straight line, f/p - Menkaure
Aim: Menkaure (moderately damaged) Menkaure resists.
You freeze Menkaure.
Menkaure is moderately damaged.
Casting: Freeze (safe; 1% risk of failure)
Confirm with . or Enter, or press ? or * to list all spells.
Aiming: Freeze (safe; 1% risk of failure)
Press: ? - help, Shift-Dir - straight line, f/p - Menkaure
Aim: Menkaure (moderately damaged)
Okay, then.
You aren't carrying any items that you can evoke.
You barely miss Menkaure.
Menkaure is moderately damaged.
Menkaure hits you!!
Ouch! That really hurt!
You die...

#...8. #......
######...... #........#
#........# 8
#....#..#....
#.......#.....
##..M.......... .##
###@##..M......
....##...###......).
........................
..#....!...............
#.##................# #
####...#.........#
###...###.....#
##..##......###
#..........##.


You could see Menkaure.

Vanquished Creatures
  A howler monkey (D:3)
  Terence (D:3)
  An iguana (D:4)
  A worker ant (D:4)
  4 adders
  A worm (D:2)
  3 leopard geckos
  7 orcs
  A ball python (D:2)
  7 bats
  5 giant cockroaches
  5 goblins
  5 hobgoblins
  6 jackals
  6 kobolds
  A quokka (D:3)
  3 frilled lizards
  A leopard gecko skeleton (D:4)
  4 rats
63 creatures vanquished.

Vanquished Creatures (others)
  4 plants (D:2)
4 creatures vanquished.

Grand Total: 67 creatures vanquished

Notes
Turn   | Place    | Note
-------+----------+-------------------------------------------
     0 | D:1      | buriedalive the Deep Elf Ice Elementalist began the quest
                  | for the Orb.
     0 | D:1      | Reached XP level 1. HP: 10/10 MP: 6/6
   333 | D:1      | Reached XP level 2. HP: 15/15 MP: 8/8
  1142 | D:2      | Reached skill level 5 in Ice Magic
  1142 | D:2      | Reached XP level 3. HP: 15/19 MP: 6/9
  2507 | D:3      | Reached XP level 4. HP: 17/24 MP: 8/10
  2726 | D:3      | Noticed Terence
  2757 | D:4      | Learned a level 3 spell: Frozen Ramparts
  2761 | D:4      | Learned a level 3 spell: Ozocubu's Armour
  2903 | D:3      | Found a sparkling altar of Nemelex Xobeh.
  3101 | D:3      | Found a shadowy altar of Dithmenos.
  3249 | D:4      | Noticed Menkaure
  3249 | D:4      | Noticed Edmund
  3277 | D:4      | Reached XP level 5. HP: 20/28 MP: 9/11
  3611 | D:3      | Killed Terence
  3612 | D:3      | Reached skill level 5 in Dodging
  3612 | D:3      | Reached skill level 6 in Ice Magic
  4188 | D:4      | Mangled by Menkaure

Illustrated notes

Levels and vault maps discovered:
D:1:      co_arrival_two_rings, layout_loops_ring
D:2:      layout_loops_ring, serial_forest, infiniplex_forest_lined_2,
          infiniplex_forest_straight_4, infiniplex_forest_end_3,
          infiniplex_forest_straight_2, infiniplex_forest_corner_1,
          infiniplex_forest_zigzag_2, infiniplex_forest_clump_diagonal,
          infiniplex_forest_lined_room_2
D:3:      layout_rooms, general_overflow_altar, lemuel_doored_altar,
          uniq_terence
D:4:      layout_cave_pools, kennysheep_mini_moat, minitemple,
          serial_column_ruins, column_ruins_square_large,
          column_ruins_columns_straight, column_ruins_open_large,
          column_ruins_grid_1, column_ruins_open_small_water,
          column_ruins_open_tiny, uniq_pikel, uniq_menkaure, uniq_edmund

Skill      XL: |  1  2  3  4  5 |
---------------+----------------+-----
Dodging        | 3 4 5 |  5.3
Ice Magic      | 5 6 |  6.2
Stealth        | |  2.4
Spellcasting   | |  3.0

Action                   |  1- 3 |  4- 6 || total
-------------------------+-------+-------++-------
Melee: Short sword       |    89 |    36 ||   125
       Unarmed           |     1 |       ||     1
 Cast: Freeze            |    15 |    33 ||    48
  Use: Scroll            |     5 |     4 ||     9
       Potion            |       |     1 ||     1
 Stab: Sleeping          |     4 |     4 ||     8
Armor: Robe              |    11 |       ||    11
       Leather armour    |    12 |    10 ||    22
Dodge: Dodged            |    77 |    37 ||   114
